AoeStats
← Bibigolas

Arabia

504039247Analyzed
1v1 RM · 29d ago on Sep 3, 2026· 46m 42s· 2 players
Game mode
Random Map
Map size
Tiny (2 player)
Population
200
Speed
Normal
Resources
Standard
Victory
Conquest
Starting age
Dark Age
Ending age
Imperial Age
RankedLock teamsTeams togetherTeam positionsShared explorationLock speedFull tech treeHidden civsTurbo modeCheats
Victory
Defeat
🇫🇷 Sicilians · France
1407
+15
🇧🇷 Vietnamese · Brazil
1390
-15
Otávio MNG
5:50 Loom
6:07 Loom
9:32 Feudal Age
10:01 Double-Bit Axe
10:06 Horse Collar
11:47 Town Watch
15:01 Fletching
21:34 Padded Archer Armor
25:26 Castle Age
23:59 Gold Mining
29:00 Bodkin Arrow
29:21 Leather Archer Armor
30:08 Bloodlines
29:59 Husbandry
30:35 Bow Saw
35:07 Ballistics
41:04 Imperial Age
41:51 Bracer
42:58 Chemistry
44:00 Squires
44:14 Forging
44:05 Scale Mail Armor
Bibigolas
7:33 Loom
11:37 Feudal Age
12:36 Double-Bit Axe
15:06 Fletching
15:45 Padded Archer Armor
20:25 Horse Collar
23:50 Castle Age
23:51 Scale Mail Armor
23:59 Scale Barding Armor
23:48 Gold Mining
25:24 Chain Barding Armor
25:46 Bow Saw
27:28 Bloodlines
28:29 Heavy Plow
29:13 Husbandry
29:49 Bodkin Arrow
31:27 Wheelbarrow
33:12 Ballistics
33:25 Forging
35:36 Iron Casting
35:31 Leather Archer Armor
36:27 Iron Casting
40:41 Imperial Age
39:56 Hand Cart
39:51 Town Watch
41:18 Gold Shaft Mining
40:34 Stone Mining
40:42 Cavalier
42:07 Plate Barding Armor
41:29 Light Cavalry
Connection lost

Rejoining the realm…

Still unreachable

The connection could not be restored.

Session expired

The server has moved on; the page needs a fresh start.